 Dungeon Crawl Stone Soup version 0.25.1-1-g288607f5aa (webtiles) character file.

Game seed: 7185122029101233576

455 H0rd4k the Insei (level 7, -2/45 HPs)
             Began as an Octopode Transmuter on July 22, 2020.
             Slain by Crazy Yiuf
             ... wielding a +2 quarterstaff of chaos
              (9 damage)
             ... on level 2 of the Dungeon.
             The game lasted 00:09:03 (5255 turns).

H0rd4k the Insei (Octopode Transmuter)              Turns: 5255, Time: 00:09:04

Health: -2/45      AC:  1    Str:  9    XL:     7   Next: 5%
Magic:  11/11      EV: 14    Int: 17    God:
Gold:   86         SH:  0    Dex: 13    Spells: 6/12 levels left

rFire    . . .     SeeInvis .     - Unarmed
rCold    . . .     Gourm    .   (no shield)
rNeg     . . .     Faith    .   (helmet restricted)
rPois    .         Spirit   .   (no amulet)
rElec    .         Reflect  .   (no ring)
rCorr    .         Harm     .   (no ring)
MR       .....                  (no ring)
Stlth    +++.......             (no ring)
HPRegen  0.15/turn              (no ring)
MPRegen  0.12/turn              (no ring)
                                (no ring)
                                (no ring)

@: lethally poisoned (-2 -> -10), about to teleport, slowed, very slow
A: almost no armour, stealthy swim, amphibious, 8 rings, constrict 8, camouflage
1, gelatinous body 1
a: no special abilities


You were on level 2 of the Dungeon.
You were not hungry.

You visited 1 branch of the dungeon, and saw 3 of its levels.
You visited the Abyss 1 time.
You also visited: Sewer.

You collected 86 gold pieces.

Inventory:

Hand Weapons
 p - a +0 hunting sling of freezing
Missiles
 a - 49 arrows
 k - 15 poisoned darts (quivered)
Jewellery
 b - an uncursed ring of poison resistance {unknown}
 g - an uncursed ring of fire {unknown}
Scrolls
 d - 3 scrolls of remove curse
 f - 2 scrolls of magic mapping
 i - 3 scrolls of fog
 j - a scroll of blinking {unknown}
 q - 2 scrolls of fear {unknown}
Potions
 e - a potion of heal wounds
 h - 2 potions of mutation {unknown}
 l - a potion of lignification {unknown}
 m - 2 potions of haste {unknown}
 n - 3 potions of magic {unknown}
 o - 3 potions of curing
 s - a potion of brilliance {unknown}
Comestibles
 c - 5 rations


   Skills:
 + Level 2.1 Fighting
 + Level 3.4 Dodging
 + Level 2.0 Stealth
 + Level 5.1 Unarmed Combat
 * Level 3.3 Spellcasting
 * Level 3.4 Transmutations


You had 6 spell levels left.
You knew the following spells:

 Your Spells              Type           Power        Failure   Level  Hunger
a - Beastly Appendage     Tmut           ##....       4%          1    None
b - Sticks to Snakes      Tmut           ##......     6%          2    ##.....
c - Spider Form           Tmut/Pois      #.........   26%         3    ###....

Your spell library contained the following spells:

 Spells                   Type           Power        Failure   Level  Hunger
 Ice Form                 Ice/Tmut       #.......     63%         4    ####...
 Blade Hands              Tmut           ##........   75%         5    ######.


Dungeon Overview and Level Annotations

Branches:
Dungeon (3/15)              Sewer (visited)

Altars:
Trog

Annotations:
D:2 Crazy Yiuf
D:3 exclusion: orc warrior


Innate Abilities, Weirdness & Mutations

You cannot wear most types of armour.
You are very stealthy in the water. (Stealth+)
You are amphibious.
You can wear up to eight rings at the same time.
You can use your tentacles to constrict eight enemies at once.
Your skin changes colour to match your surroundings (Stealth+).
Your rubbery body absorbs attacks. (AC +1, EV +1)


Message History

Unknown command.
Found a gateway leading out of the Abyss.
Unknown command.
There is a gateway leading out of the Abyss here.
The apocalypse crab completely misses you.
The apocalypse crab claws you!
You feel yourself slow down.
You pass through the gate.
Welcome back to the Dungeon!
Level annotation: Crazy Yiuf Crazy Yiuf closely misses you.
Crazy Yiuf hits you with a +2 quarterstaff of chaos!
* * * LOW HITPOINT WARNING * * *
You are lethally poisoned!
As you read the scroll of teleportation, it crumbles to dust.
You feel strangely unstable.
* * * LOW HITPOINT WARNING * * *
You feel sick. The apocalypse crab closely misses you.
The apocalypse crab misses you.
Crazy Yiuf hits you with a +2 quarterstaff of chaos!
You die...

.......###.###...##♣♣
#### # ...........#
#......♣♣ ♣♣#..)#
.......#####
#.......♣♣♣♣.'...# #
....[^.#
#........♣.g♣#...# #
.......# #.......♣.♣♣♣
#### # ########
#...##♣♣♣♣♣ ####...# #
#.....g######### #####
#.....@......#.####....
#....t......##.........
#..............######..
#........#####.# #.#
#........##....# #..
#........##.#### ##.
#...........# ###.
#........#### #...
##.###.### #...


You could see an apocalypse crab and Crazy Yiuf.

Vanquished Creatures
  2 bullfrogs (Sewer)
  An orc priest (D:3)
  Natasha (thrice) (D:2)
  6 adders
  6 river rats (Sewer)
  4 oozes
  2 worms
  2 dart slugs
  2 orcs (D:3)
  10 ball pythons (Sewer)
  2 giant cockroaches (D:1)
  6 goblins (D:2)
  4 hobgoblins
  7 jackals
  6 kobolds
  A quokka (D:2)
  9 bats
  2 frilled lizards (Sewer)
  26 rats
101 creatures vanquished.

Notes
Turn   | Place    | Note
-------+----------+-------------------------------------------
     0 | D:1      | H0rd4k the Octopode Transmuter began the quest for the Orb.
     0 | D:1      | Reached XP level 1. HP: 13/13 MP: 3/3
   132 | D:1      | Reached XP level 2. HP: 4/18 MP: 5/5
   798 | D:1      | Reached XP level 3. HP: 23/23 MP: 6/6
   802 | D:1      | Learned a level 2 spell: Sticks to Snakes
   806 | D:1      | Learned a level 3 spell: Spider Form
  1112 | D:2      | Found a runed translucent door.
  1113 | D:2      | Noticed Crazy Yiuf
  1628 | D:2      | Found a bloodstained altar of Trog.
  2051 | D:2      | Noticed Natasha
  2167 | D:3      | Reached skill level 4 in Unarmed Combat
  2326 | D:3      | Reached XP level 4. HP: 26/28 MP: 7/7
  2445 | D:3      | Found a glowing drain.
  2467 | Sewer    | Entered a sewer
  3002 | Sewer    | Reached XP level 5. HP: 32/33 MP: 6/8
  3042 | Sewer    | Reached skill level 1 in Stealth
  3482 | Sewer    | HP: 1/33 [bullfrog (9)]
  3534 | Sewer    | Reached XP level 6. HP: 23/39 MP: 7/10
  3696 | Sewer    | Reached skill level 5 in Unarmed Combat
  4190 | D:3      | Noticed an orc warrior
  4734 | D:2      | Killed Natasha
  4790 | D:2      | Noticed Natasha
  4796 | D:2      | Killed Natasha
  4935 | D:2      | Noticed Natasha
  4950 | D:2      | Killed Natasha
  4950 | D:2      | Reached XP level 7. HP: 38/45 MP: 9/11
  5188 | D:2      | Cast into level 1 of the Abyss (Crazy Yiuf)
  5233 | Abyss:1  | Noticed a thrashing horror
  5240 | Abyss:1  | Noticed an apocalypse crab
  5254 | D:2      | Escaped the Abyss
  5255 | D:2      | Slain by Crazy Yiuf

Illustrated notes

Levels and vault maps discovered:
D:1:      wander_arrival_chamber, layout_rooms
D:2:      layout_rooms, trog_hazing_becter, uniq_crazy_yiuf_cottage,
          uniq_natasha
D:3:      layout_loops_cross, portal_sewer_entry_d, first_ration

Skill      XL: |  1  2  3  4  5  6 |
---------------+-------------------+-----
Unarmed Combat | 4 5 |  5.1
Stealth        | 1 2 |  2.0
Dodging        | 3 |  3.4
Transmutations | 3 |  3.4
Fighting       | 2 |  2.1
Spellcasting   | 3 |  3.3

Action                   |  1- 3 |  4- 6 |  7- 9 || total
-------------------------+-------+-------+-------++-------
Melee: Unarmed           |   117 |   142 |       ||   259
       Tentacles         |    15 |    22 |       ||    37
       Constrict         |    30 |    30 |       ||    60
       Punch             |     1 |     3 |       ||     4
       Kick              |     3 |    25 |       ||    28
Throw: Dart              |       |     2 |       ||     2
 Cast: Beastly Appendage |     3 |    21 |     2 ||    26
  Use: Potion            |       |     7 |       ||     7
       Scroll            |       |     5 |     2 ||     7
 Stab: Sleeping          |       |     2 |       ||     2
  Eat: Chunk             |     3 |     9 |       ||    12
       Ration            |       |       |     1 ||     1
Armor: Skin              |    18 |     5 |       ||    23
Dodge: Dodged            |   119 |   134 |     6 ||   259
